 Dungeon Crawl Stone Soup version 0.20.1-1-g8b1a95d (webtiles) character file.

51 vatarom the Stinger (level 3, -4/19 HPs)
             Began as a Deep Elf Venom Mage on Sept 6, 2017.
             Slain by Sigmund
             ... wielding a +0 scythe
              (8 damage)
             ... on level 2 of the Dungeon.
             The game lasted 00:06:07 (1596 turns).

vatarom the Stinger (Deep Elf Venom Mage)           Turns: 1596, Time: 00:06:08

Health: -4/19      AC:  2    Str: 10    XL:     3   Next: 57%
Magic:  2/9        EV: 13    Int: 20    God:
Gold:   23         SH:  0    Dex: 15    Spells: 2/8 levels left

rFire    . . .     SeeInvis .   f - +1 spear (pierce)
rCold    . . .     Gourm    .   (no shield)
rNeg     . . .     Faith    .   a - +0 robe
rPois    .         Spirit   .   (no helmet)
rElec    .         Reflect  .   (no cloak)
rCorr    .         Harm     .   (no gloves)
MR       .....                  (no boots)
Stlth    ++........             d - amulet of regeneration
Regen    0.5/turn               e - +5 ring of strength
MPRegen  0.2/turn               (no ring)

@: berserk cooldown, slowed, very slow
A: no striking features
a: no special abilities


You were on level 2 of the Dungeon.
You were very hungry.

You visited 1 branch of the dungeon, and saw 4 of its levels.

You collected 23 gold pieces.

Inventory:

Hand Weapons
 f - a +1 spear of piercing (weapon)
Armour
 a - a +0 robe (worn)
Jewellery
 d - an amulet of regeneration (around neck)
 e - a +5 ring of strength (left hand)
Scrolls
 h - 2 scrolls of identify
Potions
 k - a potion of brilliance {unknown}
Books
 b - a Young Poisoner's Handbook

   Spells                             Type                      Level
   a - Sting                          Conjuration/Poison           1
   b - Poisonous Vapours              Poison/Air                   2
   c - Mephitic Cloud                 Conjuration/Poison/Air       3
   d - Olgreb's Toxic Radiance        Poison                       4
   e - Venom Bolt                     Conjuration/Poison           5
Comestibles
 c - 4 bread rations


   Skills:
 - Level 2.4 Dodging
 - Level 2.4 Stealth
 - Level 3.0 Spellcasting
 * Level 3.5 Conjurations
 + Level 3.7 Poison Magic


You had 2 spell levels left.
You knew the following spells:

 Your Spells              Type           Power        Failure   Level  Hunger
a - Sting                 Conj/Pois      ###.         3%          1    None
b - Poisonous Vapours     Pois/Air       ##....       10%         2    ##.....
c - Mephitic Cloud        Conj/Pois/Air  ##......     16%         3    ###....


Dungeon Overview and Level Annotations

Branches:
Dungeon (4/15)
 Temple: D:4-7

Altars:
Makhleb
Sif Muna
Zin

Annotations:
D:2 Sigmund


Message History

You feel a strong urge to attack something.
You are too berserk!
Unknown command.
You feel your anger subside.
You are no longer berserk.
You are exhausted.
You feel yourself slow down.
You hear some strange, mumbled words.
You are confused.
You hear some strange, mumbled words.
Something tries to affect you, but you resist.
Something hits you but does no damage. Something hits you.
You bump into the rock wall.
Something hits you!
* * * LOW HITPOINT WARNING * * *
You're too confused to cast spells.
You bump into the rock wall.
Something barely misses you.
You bump into the rock wall.
You feel less confused. Something hits you!
You die...

#............#รท# ##.#.###.#.#
#............#.########.......#.#
#............#.#.....{........#.#
#............#.#.######.........#
#..............#.# #....#...).
##....##...#####.# #....#..#<.
#......[..# #{# #...>#..###
#.........# #.# #..#.#..#..
#.........# #@# #..#.#..#.#
#.........# #.# #..#.####.#
#.........# #.# #..#.#....#
####......# #.# ####.#.##.#
#...#### #.# #.#.#... #...# #.#
#.#....# #...# #.# #.###..# #...#
#.# #......# #...# #.# #####.##


There were no monsters in sight!

Vanquished Creatures
  An adder (D:4)
  An ooze (D:1)
  A dart slug (D:1)
  2 leopard geckos
  4 bats
  2 goblins (D:1)
  2 hobgoblins
  10 jackals
  2 kobolds (D:1)
  A frilled lizard (D:2)
  4 rats
30 creatures vanquished.

Vanquished Creatures (others)
  A quokka (D:4)
1 creature vanquished.

Grand Total: 31 creatures vanquished

Notes
Turn   | Place    | Note
-------+----------+-------------------------------------------
     0 | D:1      | vatarom the Deep Elf Venom Mage began the quest for the Orb.
     0 | D:1      | Reached XP level 1. HP: 10/10 MP: 6/6
   295 | D:1      | Reached XP level 2. HP: 15/15 MP: 6/8
   525 | D:1      | Learned a level 2 spell: Poisonous Vapours
   649 | D:1      | Reached XP level 3. HP: 17/19 MP: 5/9
   656 | D:1      | Learned a level 3 spell: Mephitic Cloud
  1236 | D:2      | Found a deep blue altar of Sif Muna.
  1239 | D:2      | Found a burning altar of Makhleb.
  1242 | D:2      | Found a glowing silver altar of Zin.
  1268 | D:2      | You fall through a shaft for 2 floors!
  1528 | D:2      | Noticed Sigmund
  1596 | D:2      | Slain by Sigmund

Skill      XL: |  1  2 |
---------------+-------+-----
Conjurations   | 2 3 |  3.5
Dodging        | |  2.4
Stealth        | |  2.4
Spellcasting   | |  3.0
Poison Magic   | |  3.7

Action                   || total
-------------------------++-------
Melee: Unarmed           ||    11
       Spear             ||    39
 Cast: Sting             ||    43
       Poisonous Vapours ||     6
       Mephitic Cloud    ||     1
  Use: Scroll            ||     8
       Potion            ||     1
 Stab: Sleeping          ||     1
  Eat: Chunk             ||     1
Armor: Robe              ||    14
Dodge: Dodged            ||    63
